 Dungeon Crawl Stone Soup version 0.16.1-51-g6203257 (webtiles) character file.

2951 Redwan the Thaumaturge (level 9, -2/45 HPs)
             Began as a Deep Elf Ice Elementalist on July 22, 2015.
             Was a Follower of Vehumet.
             Slain by a trapdoor spider zombie (9 damage)
             ... on level 8 of the Dungeon.
             The game lasted 00:35:52 (8164 turns).

Redwan the Thaumaturge (Deep Elf Ice Elementalist)  Turns: 8164, Time: 00:35:52

Health: -2/45      AC: 12    Str:  6    XL:     9   Next: 51%
Magic:  5/31       EV: 15    Int: 23    God:    Vehumet [*.....]
Gold:   533        SH:  0    Dex: 15    Spells: 4 memorised, 19 levels left

rFire  . . .     SeeInvis .     t - +3 short sword
rCold  . . .     Clarity  .     e - +2 robe {MR+}
rNeg   + . .     SustAb   +     (no shield)
rPois  .         Gourm    .     (no helmet)
rElec  .         Spirit   .     (no cloak)
rCorr  .         Warding  +     (no gloves)
rMut   .         Rnd*Tele +     (no boots)
MR     +....                    k - amulet of warding
Stlth  +++.......               r - ring of teleportation
                                m - ring of sustain abilities

@: icy armour, somewhat resistant to hostile enchantments, fairly stealthy
A: no striking features
a: Renounce Religion, Evoke Teleportation


You were on level 8 of the Dungeon.
You worshipped Vehumet.
Vehumet was aware of your devotion.
You were not hungry.

You visited 2 branches of the dungeon, and saw 9 of its levels.

You collected 533 gold pieces.

Inventory:

Hand weapons
 t - a +3 short sword (weapon)
Armour
 e - a +2 robe of magic resistance (worn)
Jewellery
 g - an uncursed amulet of regeneration
 k - an amulet of warding (around neck)
 m - a ring of sustain abilities (left hand)
 r - a ring of teleportation (right hand)
 M - an uncursed ring of poison resistance {unknown}
Magical devices
 o - a wand of fire (2)
 w - a wand of magic darts (36)
 z - a wand of digging (8)
 C - a wand of digging (6)
 G - a wand of magic darts (41)
 H - a wand of frost (31)
 I - a wand of frost (24)
Scrolls
 a - 3 scrolls of remove curse
 q - a scroll of fog
 s - 2 scrolls of fear
 u - 2 scrolls of amnesia
 x - a scroll of enchant armour {unknown}
 y - a scroll of blinking {unknown}
 E - 3 scrolls of teleportation {unknown}
Potions
 d - a potion of heal wounds
 f - a potion of resistance {unknown}
 h - a potion of restore abilities {unknown}
 i - 2 potions of lignification {unknown}
 j - 6 potions of curing {unknown}
 n - a potion of agility {unknown}
 p - a potion of haste {unknown}
 v - 2 potions of flight {unknown}
 A - a potion of might
 D - a potion of berserk rage {unknown}
 K - a potion of mutation {unknown}
 L - 2 potions of brilliance {unknown}
Books
 b - a book of Frost

   Spells                             Type                      Level
   a - Freeze                         Ice                          1
   b - Throw Frost                    Conjuration/Ice              2
   c - Ozocubu's Armour               Charms/Ice                   3
   d - Throw Icicle                   Conjuration/Ice              4
   e - Summon Ice Beast               Ice/Summoning                4
   f - Condensation Shield            Ice                          4
 F - a book of the Earth

   Spells                             Type                      Level
   a - Leda's Liquefaction            Hexes/Earth                  4
   b - Bolt of Magma                  Conjuration/Fire/Earth       5
   c - Statue Form                    Transmutation/Earth          6
   d - Iron Shot                      Conjuration/Earth            6
   e - Shatter                        Earth                        9
Comestibles
 c - 3 bread rations
 l - 3 meat rations
 B - 2 royal jellies
 J - 3 fruits


   Skills:
 + Level 2.1 Short Blades
 + Level 6.0 Dodging
 + Level 3.9 Stealth
 + Level 10.9 Spellcasting
 + Level 4.5 Conjurations
 + Level 2.2 Charms
 + Level 8.8 Ice Magic


You had 19 spell levels left.
You knew the following spells:

 Your Spells              Type           Power        Failure   Level  Hunger
a - Freeze                Ice            ####         1%          1    None
b - Throw Frost           Conj/Ice       #####.       1%          2    None
c - Ozocubu's Armour      Chrm/Ice       #####...     1%          3    None
d - Throw Icicle          Conj/Ice       #####...     4%          4    None


Dungeon Overview and Level Annotations

Branches:
Dungeon (8/15)             Temple (1/1) D:7
   Lair: D:8-11

Altars:
Cheibriados
Dithmenos
Elyvilon
Fedhas
Gozag
Nemelex Xobeh
Okawaru
Ru
Vehumet
Xom
Yredelemnul
Zin
The Shining One


Message History

The trapdoor spider zombie partially resists.
The trapdoor spider zombie misses you.
Press: ? - help, v - describe, . - travel
Here: a trapdoor spider zombie A stone staircase leading down.
The trapdoor spider zombie barely misses you.
There is a stone staircase leading up here.
Use which ability? (? or * to list)
Okay, then.
Read which item? (? for menu, Esc to quit)
Okay, then.
Put on which piece of jewellery? (? for menu, Esc to quit)
You feel slightly jumpy.
r - a ring of teleportation (right hand) Use which ability? (? or * to list)
You fail to use your ability.
The trapdoor spider zombie bites you!
* * * LOW HITPOINT WARNING * * *
The trapdoor spider zombie bites you but does no damage.
The trapdoor spider zombie bites you!
You die...

. ...... .....#
###.# #.#
.##...## ....#
#...# #.# . #..o
. ...# # #.###
#.# . ..# #.#.#
#.# # #. #>#
#.#.#####.#
.##.#.###.#
#.........#
..........#
###.#######
....#...Z######.#
#.#..)<@......#
.......>...######
.....#.##.#
....... #.#
......# #.# .....
#.# ##.. ..# ##.
###


You could see a trapdoor spider zombie.

Vanquished Creatures
  A wyvern (D:7)
  The ghost of Loynis the Conjurer, an average DgCj (D:5)
  Edmund (D:5)
  A water moccasin (D:5)
  An orc warrior (D:7)
  A sky beast (D:6)
  A black bear (D:7)
  3 phantoms
  2 centaurs
  2 ogres
  The ghost of fneyf the Digger, an average FoEE (D:4)
  Sigmund (D:3)
  Blork the orc (D:8)
  5 giant frogs
  A scorpion (D:5)
  2 quasits
  7 orc priests
  3 crimson imps
  A centaur skeleton (D:8)
  A giant frog skeleton (D:5)
  5 orc wizards
  2 worker ants
  An iguana (D:7)
  A hound skeleton (D:7)
  12 adders
  A shadow imp (D:5)
  3 giant mites
  A white imp (D:6)
  4 worms
  3 adder zombies
  An adder skeleton (D:4)
  4 giant geckos
  3 oozes
  34 orcs
  2 ball pythons (D:4)
  13 bats
  A bat skeleton (D:8)
  A bat zombie (D:7)
  6 giant cockroaches
  15 hobgoblins
  14 jackals
  A ball python skeleton (D:4)
  A giant gecko zombie (D:8)
  2 giant newts
  8 goblins
  3 goblin skeletons (D:6)
  A goblin zombie (D:6)
  2 hobgoblin zombies (D:6)
  10 kobolds
  A kobold skeleton (D:6)
  A kobold zombie (D:6)
  2 orc skeletons (D:6)
  An orc zombie (D:6)
  2 quokkas
  11 rats
210 creatures vanquished.

Vanquished Creatures (others)
  2 orcs (D:5)
  A quokka (D:5)
3 creatures vanquished.

Grand Total: 213 creatures vanquished

Notes
Turn   | Place    | Note
--------------------------------------------------------------
     0 | D:1      | Redwan, the Deep Elf Ice Elementalist, began the quest for the Orb.
     0 | D:1      | Reached XP level 1. HP: 10/10 MP: 5/5
   211 | D:1      | Found an iron altar of Okawaru.
   270 | D:1      | Reached XP level 2. HP: 9/15 MP: 4/8
   274 | D:1      | Learned a level 2 spell: Throw Frost
   569 | D:2      | Reached XP level 3. HP: 13/19 MP: 0/11
   582 | D:2      | Learned a level 3 spell: Ozocubu's Armour
   954 | D:2      | Reached skill level 4 in Ice Magic
  1545 | D:3      | Reached XP level 4. HP: 24/24 MP: 6/15
  1551 | D:3      | Learned a level 4 spell: Throw Icicle
  1600 | D:3      | Noticed Sigmund
  1621 | D:4      | Noticed a giant frog
  2179 | D:4      | Found a sacrificial altar of Ru.
  2441 | D:3      | Killed Sigmund
  2441 | D:3      | Reached skill level 1 in Charms
  2441 | D:3      | Reached XP level 5. HP: 19/28 MP: 1/18
  2799 | D:4      | Reached skill level 5 in Spellcasting
  3018 | D:4      | Noticed fneyf's ghost (average FoEE)
  3350 | D:4      | Killed a giant frog
  3350 | D:4      | Reached skill level 6 in Spellcasting
  3350 | D:4      | Reached skill level 5 in Ice Magic
  3350 | D:4      | Reached XP level 6. HP: 22/32 MP: 9/22
  3460 | D:4      | Killed fneyf's ghost
  3460 | D:4      | Reached skill level 1 in Short Blades
  3760 | D:4      | Reached XP level 7. HP: 9/36 MP: 3/24
  4126 | D:4      | Noticed an ogre
  4136 | D:4      | Killed an ogre
  4290 | D:5      | Entered Level 5 of the Dungeon
  4290 | D:5      | Noticed Loynis' ghost (average DgCj)
  4300 | D:5      | Killed Loynis' ghost
  4300 | D:5      | Reached skill level 7 in Spellcasting
  4696 | D:5      | Found a white marble altar of Elyvilon.
  4849 | D:5      | Noticed Edmund
  4876 | D:5      | Reached XP level 8. HP: 41/41 MP: 20/27
  4903 | D:5      | Killed Edmund
  4903 | D:5      | Reached skill level 8 in Spellcasting
  5668 | D:6      | Reached skill level 9 in Spellcasting
  5721 | D:6      | Found a glowing golden altar of the Shining One.
  5878 | D:6      | Reached skill level 5 in Dodging
  5988 | D:6      | HP: 1/41 [giant frog (9)]
  6290 | D:7      | Found a staircase to the Ecumenical Temple.
  6308 | Temple   | Entered the Ecumenical Temple
  6325 | Temple   | Became a worshipper of Vehumet
  6359 | D:7      | Reached XP level 9. HP: 27/45 MP: 13/30
  6370 | D:7      | Found an opulent altar of Gozag.
  6464 | D:7      | Reached skill level 10 in Spellcasting
  7239 | D:7      | Found a shimmering altar of Xom.
  7383 | D:7      | Acquired Vehumet's first power
  7383 | D:7      | Offered knowledge of Sandblast by Vehumet.
  7646 | D:7      | Found a shadowy altar of Dithmenos.
  7647 | D:7      | Found a basalt altar of Yredelemnul.
  7648 | D:7      | Found a glowing silver altar of Zin.
  8027 | D:8      | Noticed Blork the orc
  8033 | D:8      | Killed Blork the orc
  8152 | D:8      | HP: 1/45 [trapdoor spider zombie (2)]
  8164 | D:8      | Slain by a trapdoor spider zombie

Action                   |  1- 3 |  4- 6 |  7- 9 || total
-------------------------+-------+-------+-------++-------
Melee: Unarmed           |    12 |       |       ||    12
       Dagger            |       |     3 |       ||     3
       Short sword       |       |    70 |   170 ||   240
 Cast: Freeze            |    45 |    60 |   106 ||   211
       Throw Frost       |    27 |    46 |    46 ||   119
       Ozocubu's Armour  |     1 |     7 |    12 ||    20
       Throw Icicle      |       |     6 |    87 ||    93
 Abil: Evoke Teleportati |       |     1 |       ||     1
  Use: Scroll            |     2 |     1 |     3 ||     6
       Potion            |     1 |       |     2 ||     3
 Stab: Sleeping          |       |       |     1 ||     1
  Eat: Chunk             |     2 |    10 |    14 ||    26
       Beef jerky        |       |       |     2 ||     2
